 Dungeon Crawl Stone Soup version 0.26.1-11-gd32895ea62 (webtiles) character file.

Game seed: 12547872882204484721

11541 ubername the Carver (level 11, 0/89 HPs)
             Began as a Barachi Berserker on May 27, 2021.
             Was a High Priest of Trog.
             Slain by a two-headed ogre
             ... wielding a +0 giant spiked club
              (2 damage)
             ... on level 12 of the Dungeon.
             The game lasted 00:28:08 (13519 turns).

ubername the Carver (Barachi Berserker)            Turns: 13519, Time: 00:28:09

Health: 0/89       AC: 11    Str: 22    XL:     11   Next: 79%
Magic:  11/11      EV: 18    Int:  8    God:    Trog [*****.]
Gold:   451        SH: 12    Dex: 18    Spells: 10/10 levels left

rFire    . . .     SeeInvis .   a - +6 long sword of Plague {vorpal, rElec Str-3 Dex+4}
rCold    . . .     Faith    .   B - +1 buckler
rNeg     . . .     Spirit   .   J - +0 steam dragon scales
rPois    .         Reflect  +   (no helmet)
rElec    +         Harm     .   i - +0 cloak
rCorr    .         Rampage  .   s - +0 pair of gloves
Will     .....                  p - +0 pair of boots
Stlth    ++++......             H - amulet of reflection
HPRegen  0.24/turn              v - +6 ring of strength
MPRegen  0.12/turn              g - ring of stealth

@: slow
A: +LOS, swims, slowness 1, strong legs 1
a: Hop, Renounce Religion, Berserk, Trog's Hand, Brothers in Arms


You were on level 12 of the Dungeon.
You worshipped Trog.
Trog was extremely pleased with you.
You visited 2 branches of the dungeon, and saw 13 of its levels.

You collected 757 gold pieces.
You spent 306 gold pieces at shops.

Inventory:

Hand Weapons
 a - the +6 long sword of Plague (weapon) {vorpal, rElec Str-3 Dex+4}
   (You found it on level 11 of the Dungeon)

   It inflicts extra damage upon your enemies.
   It affects your strength (-3).
   It affects your dexterity (+4).
   It insulates you from electricity.
 b - a +2 falchion of flaming
 A - a +4 vorpal falchion
 E - the +6 hunting sling "Peegriu" {flame, +Blink Int+2 Dex-4 Stlth+}
   (You found it on level 9 of the Dungeon)

   It causes projectiles fired from it to burn those they strike, causing extra
   injury to most foes and up to half again as much damage against particularly
   susceptible opponents.
   It affects your intelligence (+2).
   It affects your dexterity (-4).
   It lets you blink.
   It makes you more stealthy.
 L - a +4 vorpal great sword
Missiles
 G - 22 poisoned darts (quivered)
 N - 109 sling bullets
Armour
 h - a +4 scale mail of cold resistance
 i - a +0 cloak (worn)
 p - a +0 pair of boots (worn)
 s - a +0 pair of gloves (worn)
 y - a +2 chain mail of cold resistance
 B - a +1 buckler (worn)
 F - a +2 scale mail of fire resistance
 J - +0 steam dragon scales (worn)
Jewellery
 f - an uncursed ring of fire
 g - a ring of stealth (right hand)
 t - an uncursed ring of stealth
 v - a +6 ring of strength (left hand)
 w - a +6 ring of dexterity
 x - the ring of Puaph {rN+ Will+ rCorr}
   (You found it on level 5 of the Dungeon)

   [ring of resist corrosion]

   It protects you from negative energy.
   It affects your willpower, your defense against some magical effects.
   It provides partial protection from all sources of acid and corrosion.
 C - an uncursed ring of teleportation
 H - an amulet of reflection (around neck)
 O - an uncursed ring of protection from cold
Wands
 q - a wand of digging (6)
 u - a wand of flame (8)
 z - a wand of paralysis (48)
 D - a wand of disintegration (37)
Scrolls
 c - 3 scrolls of magic mapping
 d - 10 scrolls of enchant weapon
 e - 8 scrolls of enchant armour
 j - 2 scrolls of fog
 k - 11 scrolls of teleportation
 l - 7 scrolls of remove curse
 n - 14 scrolls of identify
 o - 3 scrolls of blinking
 M - a scroll of fear
Potions
 m - a potion of magic
 r - 4 potions of curing
 I - 2 potions of mutation {unknown}
 K - a potion of heal wounds
 P - 6 potions of ambrosia


   Skills:
 + Level 9.1 Fighting
 + Level 13.2 Long Blades
 * Level 4.3 Slings
 + Level 8.7 Armour
 + Level 7.7 Dodging
 + Level 3.6 Stealth
 + Level 6.7 Shields


You had 10 spell levels left.
You didn't know any spells.
Your spell library was empty.

Dungeon Overview and Level Annotations

Branches:
Dungeon (12/15)            Temple (1/1) D:7            Lair (0/6) D:8
    Orc (0/2) D:10

Altars:
Ashenzari
Elyvilon
Fedhas
Sif Muna
Trog
Uskayaw
The Shining One

Shops:
D:6 *   D:8 ?   D:11 ?

Annotations:
D:9 1 runed translucent door, nomophobia's ghost, novice DsBe


Innate Abilities, Weirdness & Mutations

You can be seen from farther away. (+LOS)
You can swim through water.
You cover ground slowly.
You can hop short distances.


Message History

Trog accepts your kill.
You start resting.
A two-headed ogre comes into view.
It is wielding a +0 giant spiked club and a +0 giant club.
The two-headed ogre shouts in stereo!
You start resting.
A two-headed ogre is nearby!
You block the two-headed ogre's attack.
The two-headed ogre hits you with a +0 giant club.
You slash the two-headed ogre!
The two-headed ogre is moderately wounded.
You block the two-headed ogre's attack.
The two-headed ogre completely misses you.
You hit the two-headed ogre.
The two-headed ogre is heavily wounded.
You slash the two-headed ogre!
The two-headed ogre is severely wounded.
The two-headed ogre hits you with a +0 giant spiked club!!
* * * LOW HITPOINT WARNING * * *
The two-headed ogre hits you with a +0 giant club.
You die...

.. #.# #. #.# #.. #.#
#...###.###############
#................).....
.##..##.))..............
........)........###..##
#..#.##.......O.........
.. #..####@#.......# #.
#..# #.#..###..# .. #..#
#?#.†# . # #... ..#O†#
##.# ####.†# #.# #..#
... ...# #.## ...


You could see a two-headed ogre.

Vanquished Creatures
  A hydra (D:11)
  3 manticores (D:11)
  A gargoyle (D:10)
  Maggie (D:9)
  A queen bee (D:11)
  2 trolls
  A wraith (D:10)
  11 yaks
  A water moccasin (D:7)
  2 ice beasts
  5 orc warriors
  A necrophage (D:9)
  2 phantoms
  2 black bears
  6 ogres
  2 centaurs
  3 big kobolds
  7 bullfrogs
  A wyvern zombie (D:11)
  5 scorpions
  2 water moccasin skeletons
  33 killer bees
  3 wights (D:8)
  3 quasits
  2 centaur zombies
  6 hounds
  5 bullfrog zombies
  3 jellies
  2 centaur skeletons
  8 orc priests
  2 bullfrog skeletons
  11 orc wizards
  2 iguanas
  16 worker ants
  6 gnolls
  A worker ant zombie (D:11)
  9 adders
  A shadow imp (D:6)
  2 white imps
  An ufetubus (D:10)
  An ooze (D:7)
  An adder skeleton (D:9)
  4 worms
  10 dart slugs
  4 leopard geckos
  42 orcs
  8 giant cockroaches
  4 goblins
  10 hobgoblins
  15 jackals
  5 quokkas
  5 bats (D:2)
  7 frilled lizards
  26 kobolds
  12 rats
330 creatures vanquished.

Vanquished Creatures (others)
  4 fungi (D:8)
  4 plants (D:8)
8 creatures vanquished.

Grand Total: 338 creatures vanquished

Notes
Turn   | Place    | Note
-------+----------+-------------------------------------------
     0 | D:1      | ubername the Barachi Berserker began the quest for the Orb.
     0 | D:1      | Reached XP level 1. HP: 18/18 MP: 1/1
   308 | D:1      | Reached XP level 2. HP: 20/25 MP: 2/2
   854 | D:1      | Reached skill level 4 in Long Blades
  1159 | D:1      | Reached XP level 3. HP: 30/30 MP: 3/3
  1577 | D:2      | Reached ** piety under Trog
  2168 | D:2      | Reached XP level 4. HP: 34/38 MP: 4/4
  2363 | D:3      | Reached skill level 5 in Long Blades
  2363 | D:3      | Reached XP level 5. HP: 40/43 MP: 5/5
  2578 | D:3      | Reached *** piety under Trog
  3577 | D:4      | Reached skill level 5 in Fighting
  3577 | D:4      | Reached XP level 6. HP: 49/51 MP: 6/6
  3666 | D:4      | Reached skill level 6 in Long Blades
  3792 | D:4      | HP: 2/76 [worm (5)]
  3797 | D:4      | HP: 2/76 [poisoned by a scorpion]
  4456 | D:4      | Found a broken altar of Ashenzari.
  4508 | D:4      | Reached XP level 7. HP: 36/56 MP: 7/7
  4893 | D:5      | Entered Level 5 of the Dungeon
  4996 | D:5      | Reached skill level 7 in Long Blades
  5023 | D:5      | Reached skill level 5 in Armour
  5475 | D:5      | Got a transparent brass ring
  5521 | D:5      | Reached **** piety under Trog
  5522 | D:5      | Reached XP level 8. HP: 63/63 MP: 8/8
  5921 | D:6      | Found Pyexylifo's Assorted Antiques.
  5938 | D:6      | Bought a twisted ring mail for 216 gold pieces
  5948 | D:6      | Identified the cursed +1 ring mail of Grim Tender Moments
                  | {-Cast Harm Will+ rCorr} (You bought it in a shop on level
                  | 6 of the Dungeon)
  5956 | D:6      | Identified the ring of Puaph {rN+ Will+ rCorr} (You found
                  | it on level 5 of the Dungeon)
  6091 | D:6      | Reached skill level 8 in Long Blades
  6091 | D:6      | Reached skill level 1 in Stealth
  6857 | D:7      | Reached skill level 9 in Long Blades
  6887 | D:7      | Reached skill level 1 in Shields
  6958 | D:7      | Reached XP level 9. HP: 47/71 MP: 9/9
  6964 | D:7      | Reached skill level 5 in Dodging
  7210 | D:7      | Reached ***** piety under Trog
  7289 | D:7      | Reached skill level 10 in Long Blades
  7426 | D:7      | Got a crude robe
  7444 | D:7      | Identified the cursed +1 robe of the Equator {rC+ Dex+2}
                  | (You found it on level 7 of the Dungeon)
  7479 | D:7      | Found a staircase to the Ecumenical Temple.
  7509 | Temple   | Entered the Ecumenical Temple
  8049 | D:8      | Found Reebras's Magic Scroll Shop.
  8062 | D:8      | Bought a scroll of holy word for 90 gold pieces
  8175 | D:8      | Reached skill level 11 in Long Blades
  8178 | D:8      | Reached XP level 10. HP: 79/79 MP: 10/10
  8361 | D:8      | Found a staircase to the Lair.
  8721 | D:9      | Got a transparent hunting sling
  8732 | D:9      | Found a runed translucent door.
  8732 | D:9      | Noticed nomophobia's ghost (novice DsBe)
  8924 | D:9      | Noticed Maggie
  8944 | D:9      | Killed Maggie
  9422 | D:10     | Entered Level 10 of the Dungeon
  9727 | D:10     | Received a gift from Trog
  9771 | D:10     | Reached skill level 5 in Shields
  9775 | D:10     | Reached skill level 12 in Long Blades
 10025 | D:10     | Identified the +6 hunting sling "Peegriu" {flame, +Blink
                  | Int+2 Dex-4 Stlth+} (You found it on level 9 of the
                  | Dungeon)
 11043 | D:10     | Found a staircase to the Orcish Mines.
 11181 | D:11     | Reached skill level 1 in Slings
 11181 | D:11     | Noticed a gargoyle
 11190 | D:11     | Noticed a manticore
 11346 | D:10     | Killed a gargoyle
 11541 | D:10     | Reached XP level 11. HP: 67/87 MP: 11/11
 11964 | D:11     | Killed a manticore
 12166 | D:11     | Got a crude long sword
 12183 | D:11     | Identified the +6 long sword of Plague {vorpal, rElec Str-3
                  | Dex+4} (You found it on level 11 of the Dungeon)
 12542 | D:11     | Noticed a manticore
 12554 | D:11     | Killed a manticore
 12754 | D:11     | Noticed a four-headed hydra
 12803 | D:11     | Killed a one-headed hydra
 12804 | D:11     | Reached skill level 13 in Long Blades
 13005 | D:11     | Noticed a manticore
 13028 | D:11     | Killed a manticore
 13083 | D:11     | Found Emouh's Magic Scroll Emporium.
 13507 | D:12     | Noticed a two-headed ogre
 13519 | D:12     | HP: 2/89 [two-headed ogre/+0 giant spiked club (27)]
 13519 | D:12     | Slain by a two-headed ogre

Illustrated notes

Levels and vault maps discovered:
D:1:      dpeg_arrival_arbitrary_b, layout_loops_corners
D:2:      minmay_alternating_diamond, layout_basic, minmay_misc_feat_rows
D:3:      layout_loops_corners
D:4:      kennysheep_slugbush, layout_loops_ring, general_overflow_altar
D:5:      layout_cave_pools
D:6:      layout_rooms, serial_curves, eino_curves_02, eino_curves_01,
          serial_shops, shop_statue, palyth_stone_intersect,
          minmay_stone_trees_small, chequers_serial_rivers_large_a,
          minmay_a_box_with_orc_wizards_in_it
D:7:      layout_loops_ring, minmay_temple_entry_large_hall
D:8:      layout_basic, grunt_lair_entry_orc_guard_hut, serial_shops,
          nicolae_shop_window_shopping, kennysheep_another_room
D:9:      layout_loops_ring, ebering_ghost_inner_flame, uniq_maggie
D:10:     layout_long_grid, hiddenorc1_lemuel
D:11:     layout_cave_pools, special_room [special_room_bee], serial_shops, shop
D:12:     layout_basic, uniq_kirke
Temple:   minmay_crystal_snake_temple

Skill      XL: |  1  2  3  4  5  6  7  8  9 10 11 |
---------------+----------------------------------+-----
Fighting       | 4 5 6 7 8 9 |  9.1
Long Blades    | 4 5 6 7 9 11 12 13 | 13.2
Armour         | 3 4 6 7 8 |  8.7
Dodging        | 3 4 5 6 7 |  7.7
Stealth        | 1 3 |  3.6
Shields        | 1 3 5 6 |  6.7
Slings         | 1 4 |  4.3

Action                   |  1- 3 |  4- 6 |  7- 9 | 10-12 || total
-------------------------+-------+-------+-------+-------++-------
Melee: Falchion          |   131 |   155 |   322 |   273 ||   881
       Great sword       |       |       |       |     4 ||     4
       Long sword        |       |       |       |   163 ||   163
 Fire: Hunting sling     |       |       |       |     1 ||     1
Throw: Throwing net      |     1 |       |       |       ||     1
Invok: Berserk           |       |     2 |     5 |     5 ||    12
  Use: Potion            |       |     4 |     4 |     4 ||    12
       Scroll            |       |     1 |    12 |     7 ||    20
 Stab: Sleeping          |       |       |     2 |     4 ||     6
Armor: Animal skin       |     4 |       |       |       ||     4
       Ring mail         |    37 |    24 |    29 |       ||    90
       Scale mail        |       |    31 |    62 |     3 ||    96
       Skin              |       |     9 |       |       ||     9
       Chain mail        |       |       |    11 |       ||    11
       Steam dragon scal |       |       |       |    95 ||    95
Dodge: Dodged            |    99 |    89 |   165 |   309 ||   662
Block: Buckler           |       |       |   129 |   195 ||   324
       Reflection        |       |       |     9 |       ||     9
       Other             |       |       |       |    38 ||    38
       Rpst.: Falchion   |    35 |    30 |    59 |    33 ||   157
       Long sword        |       |       |       |    49 ||    49
